AoeStats
← Kyky de Plairenbois

Arabia

510537438Analyzed
1v1 RM · 1d ago on Oct 1, 2026· 38m 1s· 2 players
Game mode
Random Map
Map size
Tiny (2 player)
Population
200
Speed
Normal
Resources
Standard
Victory
Conquest
Starting age
Dark Age
Ending age
Imperial Age
RankedLock teamsTeams togetherTeam positionsShared explorationLock speedFull tech treeHidden civsTurbo modeCheats
Victory
Defeat
🇫🇷 Franks · France
1045
+44
🇹🇭 Spanish · Thailand
1025
-15
Cody
12:44 Feudal Age
13:32 Loom
14:22 Double-Bit Axe
18:54 Horse Collar
19:09 Stone Mining
22:21 Castle Age
21:40 Padded Archer Armor
22:32 Fletching
23:39 Wheelbarrow
24:44 Gold Mining
26:25 Bow Saw
26:00 Pikeman
26:40 Squires
30:45 Bloodlines
31:19 Heavy Plow
33:39 Leather Archer Armor
33:24 Husbandry
38:56 Imperial Age
Kyky de Plairenbois
7:41 Loom
10:12 Feudal Age
12:22 Double-Bit Axe
15:45 Castle Age
19:54 Fletching
22:24 Ballistics
24:00 Wheelbarrow
24:45 Husbandry
25:30 Gold Mining
26:55 Gold Shaft Mining
30:25 Imperial Age
28:51 Scale Barding Armor
28:57 Forging
29:52 Chain Barding Armor
30:59 Bow Saw
30:27 Cavalier
32:25 Plate Barding Armor
32:26 Iron Casting
32:03 Paladin
33:47 Devotion
35:24 Blast Furnace
Connection lost

Rejoining the realm…

Still unreachable

The connection could not be restored.

Session expired

The server has moved on; the page needs a fresh start.